 Dungeon Crawl Stone Soup version 0.29-a0-284-gf9362112df (webtiles) character file.

Game seed: 14240395681164264923

137 enile the Skirmisher (level 5, -1/63 HPs)
             Began as a Djinni Wanderer on Mar 22, 2022.
             Was a Believer of Elyvilon.
             Slain by an orc
             ... wielding a +0 hand axe
              (3 damage)
             ... on level 3 of the Dungeon.
             The game lasted 00:02:21 (2345 turns).

enile the Skirmisher (Djinni Wanderer)              Turns: 2345, Time: 00:02:22

Health: -1/63      AC:  3    Str:  7 (10) XL:     5   Next: 44%
Gold:   135        EV: 11    Int: 13 (16) God:    Elyvilon [**....] SH:  0 Dex: 12 (13)

rFire   + + .      SeeInvis .   a - +2 shortbow
rCold   x . .      Faith    .   (shield currently unavailable)
rNeg    . . .      Spirit   .   e - +0 robe
rPois   ∞          Reflect  .   c - +0 helmet
rElec   .          Harm     .   (no cloak)
rCorr   .          Rampage  .   (no gloves)
Will    .....                   (boots unavailable)
Stlth   ..........              (no amulet)
HPRegen 0.20/turn               (no ring)
MPRegen 0.00/turn               (no ring)

@: mighty, berserking, flying, very slightly contaminated, very quick
A: sickness immunity, fire resistance 2, cold vulnerability 1, float, innate
caster, HP casting, extra vitality 1
a: Renounce Religion, Purification, Heal Other


You were on level 3 of the Dungeon.
You worshipped Elyvilon.
Elyvilon was pleased with you.
You visited 1 branch of the dungeon, and saw 3 of its levels.

You collected 135 gold pieces.

Inventory:

Hand Weapons
 a - a +2 shortbow (weapon)
 b - a +0 falchion
Armour
 c - a +0 helmet (worn)
 e - a +0 robe (worn)
 o - +0 acid dragon scales
Jewellery
 m - a ring of ice
Scrolls
 d - a scroll of teleportation
 h - a scroll of summoning {unknown}
 i - 3 scrolls of immolation {unknown}
 j - 3 scrolls of identify {unknown}
 l - a scroll of torment {unknown}
 n - a scroll of fear {unknown}
 p - a scroll of noise {unknown}
Potions
 f - a potion of might
 k - a potion of degeneration
 q - a potion of curing {unknown}


   Skills:
 + Level 4.7 Fighting
 - Level 1.0 Long Blades
 - Level 4.1 Bows
 - Level 1.0 Throwing
 - Level 1.6 Stealth


You had one spell level left.
You knew the following spells:

 Your Spells              Type           Power      Damage    Failure   Level
a - Summon Small Mammal   Summ           0%         N/A       30%         1
b - Call Imp              Summ           0%         N/A       43%         2
Your spell library was empty.

Dungeon Overview and Level Annotations

Branches:
Dungeon (3/15)

Altars:
Elyvilon


Innate Abilities, Weirdness & Mutations

You are immune to sickness and miasma.
You are immune to poison.
Your flesh is very heat resistant. (rF++)
You are vulnerable to cold. (rC-)
You float through the air rather than walking.
You learn spells naturally, not from books.
Your magical power is your life essence.
You have superior vitality. (+4 MHP)


Message History

Confirm with . or Enter, or press ? or * to list all spells.
You miscast Summon Small Mammal.
You are very lightly contaminated with residual magic.
Nothing appears to happen.
The orc hits you with a +0 falchion.
Your rat bites the orc but does no damage.
You swap places.
The orc hits you with a +0 falchion!
Your rat bites the orc.
The orc dies!
The orc priest hits your rat with a +0 dagger of electrocution.
Your rat dies!
Your rat's corpse disappears in a puff of smoke!
Casting: Summon Small Mammal (safe; 26% risk of failure)
Confirm with . or Enter, or press ? or * to list all spells.
You miscast Summon Small Mammal.
Nothing appears to happen.
The orc attacks as you move away! The orc hits you with a +0 hand axe.
The orc priest calls down the wrath of Beogh upon you.
Beogh smites you!
* * * LOW HITPOINT WARNING * * *
It was a potion of might.
You feel very mighty all of a sudden.
The orc priest invokes the aid of Beogh against you.
Beogh smites you! Elyvilon protects you from harm!
It was a potion of degeneration.
There was something very wrong with that liquid.
You feel weakened.
You feel dopey.
You feel clumsy. The orc barely misses you.
It was a potion of berserk rage.
A red film seems to cover your vision as you go berserk!
You feel yourself moving faster!
You feel mighty! The orc hits you with a +0 hand axe.
* * * LOW HITPOINT WARNING * * *
You are too berserk!
You are too berserk!
You are too berserk!
You are too berserk!
You are too berserk!
Okay, then.
You feel a strong urge to attack something.
The orc hits you with a +0 hand axe.
You die...

#### ### ..### #..
..# ......#.#####
#.# #.........###.#
.......§........##
#######.#.#####:.#
#.#.....#..#
#.#oo...#..# #
#.#.@...#..###.##.#
#.#.....#.........#
..#...^.##..##.###
##....###.##.#
#....###.##.#
##+#........######
#........#.....
#........#.....
#........#.....


You could see an orc priest and an orc.

Vanquished Creatures
  2 dart slugs
  6 endoplasms
  2 giant cockroaches
  6 goblins
  5 hobgoblins
  5 kobolds
  5 quokkas
  7 ball pythons
  A bat (D:2)
  3 frilled lizards
  4 rats
46 creatures vanquished.

Vanquished Creatures (collateral kills)
  An ogre (D:2)
  An orc (D:3)
2 creatures vanquished.

Grand Total: 48 creatures vanquished

Notes
Turn   | Place    | Note
-------+----------+-------------------------------------------
     0 | D:1      | enile the Djinni Wanderer began the quest for the Orb.
     0 | D:1      | Reached XP level 1. HP: 17/17 MP: 0/0
   138 | D:1      | Reached XP level 2. HP: 23/23 MP: 0/0
   484 | D:1      | Reached XP level 3. HP: 29/29 MP: 0/0
   484 | D:1      | Learned a level 1 spell: Summon Small Mammal
   657 | D:1      | Found a faded altar of an unknown god.
   665 | D:1      | Prayed at the altar of an unknown god.
   665 | D:1      | Became a worshipper of Elyvilon the Healer
   665 | D:1      | Reached * piety under Elyvilon
  1150 | D:2      | Reached ** piety under Elyvilon
  1183 | D:2      | Noticed an ogre
  1211 | D:2      | Killed an ogre
  1212 | D:2      | Reached XP level 4. HP: 6/38 MP: 0/0
  1212 | D:2      | Reached XP level 5. HP: 6/42 MP: 0/0
  1212 | D:2      | Learned a level 2 spell: Call Imp
  2342 | D:3      | Elyvilon protects you from harm!
  2344 | D:3      | HP: 2/63 [orc/+0 hand axe (3)]
  2345 | D:3      | Slain by an orc

Illustrated notes

Levels and vault maps discovered:
D:1:      dpeg_arrival_tiny_c, layout_loops_corners,
          hellmonk_ecumenical_altar_prayer_group, minmay_hexomino_p4
D:2:      layout_basic, minmay_misc_feat_hallway, wad_floor_pattern_1,
          minmay_indecisive_spiral
D:3:      layout_basic

Skill      XL: |  1  2  3 |
---------------+----------+-----
Fighting       | 2 4 |  4.7
Long Blades    | |  1.0
Bows           | |  4.1
Throwing       | |  1.0
Stealth        | |  1.6

Action                   |  1- 3 |  4- 6 || total
-------------------------+-------+-------++-------
 Fire: Shortbow          |    63 |    34 ||    97
 Cast: Summon Small Mamm |     5 |     1 ||     6
  Use: Potion            |       |     3 ||     3
Armor: Robe              |     2 |     1 ||     3
Dodge: Dodged            |     8 |     7 ||    15

Table legend: (Time is in decaauts)
 A = Elapsed time spent in this place.
 B = Non-inter-level travel time spent in this place.
 C = Inter-level travel time spent in this place.
 D = Time resting spent in this place.
 E = Time spent auto-exploring this place.
 F = Levels seen in this place.
 G = Mean time per level.
                   A        B        C        D        E       F      G
               +--------+--------+--------+--------+--------+-----+--------+
         Total |   2373 |   2291 |     82 |      0 |   2031 |   3 |  791.0 |
       Dungeon |   2373 |   2291 |     82 |      0 |   2031 |   3 |  791.0 |
               +--------+--------+--------+--------+--------+-----+--------+

Top non-repeatable levels by time:
     D:2: 1143 daAuts
     D:1: 1035 daAuts
     D:3: 194 daAuts
